Map: Золотые столпы РВ

Players

Dolmatt

  • Race: Terran Terran
  • League: Platinum
  • Spawn Location: 7:00

Burral - Winner!

  • Race: Zerg Zerg
  • League: Platinum
  • Spawn Location: 1:00

VOD

Have the link to the VOD?

Description

Time

  • Played on: Dec. 1, 2020, 12:59 p.m.
  • Length: 10:59
Show
View Real Time Build Order
Export as new Build Order

Dolmatt Terran 

Build Orders: Reaper Expand 

Get SALT Encoding   

  12  0:02  SCV  
  13  0:14  SCV  
  14  0:18  Supply Depot  
  14  0:26  SCV  
  15  0:40  SCV  
  15  0:42  Barracks  
  16  0:46  Refinery  
  16  0:52  SCV  
  17  1:04  SCV  
  18  1:16  SCV  
  19  1:30  Orbital Command  
  19  1:31  Reaper  
  20  1:50  Supply Depot  
  20  1:56  Command Center  
  20  1:57  SCV  
  21  2:04  Barracks Reactor  
  21  2:10  SCV  
  21  2:11  Refinery  
  22  2:22  SCV  
  23  2:41  Marine  
  23  2:42  Marine  
  23  2:43  SCV  
  25  2:46  Factory  
  25  2:55  SCV  
  26  3:01  Marine x2  
  28  3:07  SCV  
  29  3:19  Marine x2  
  31  3:21  Orbital Command  
  31  3:22  SCV  
  32  3:29  Supply Depot  
  32  3:34  SCV  
  32  3:36  Factory  
  33  3:46  SCV  
  33  3:47  Factory, Hellion  
  36  3:50  Orbital Command  
  36  3:54  Barracks Tech Lab  
  35  3:57  Starport  
  35  4:03  SCV  
  36  4:12  Hellion  
  36  4:16  SCV x2  
  40  4:20  Hellion  
  40  4:21  Supply Depot  
  42  4:29  SCV  
  42  4:30  SCV  
  44  4:33  Factory Tech Lab, Hellion  
  46  4:41  SCV  
  46  4:42  SCV  
  46  4:44  Infernal Pre-Igniter  
  46  4:45  Supply Depot  
  48  4:54  SCV x2  
  48  4:58  Refinery  
  50  5:01  Supply Depot  
  50  5:02  Cyclone  
  50  5:06  SCV x2  
  55  5:07  Supply Depot  
  55  5:12  Hellion x2  
  59  5:18  Starport Reactor  
  59  5:19  Cyclone  
  62  5:22  Mag-Field Accelerator  
  62  5:37  Cyclone  
  65  5:45  Hellion x2  
  65  5:46  SCV  
  65  5:49  Refinery, SCV  
  71  5:58  SCV  
  71  5:59  Viking  
  71  6:01  SCV  
  75  6:06  Hellion  
  75  6:07  Hellion  
  75  6:10  SCV  
  77  6:28  Hellion x2  
  81  6:39  SCV x2  
  83  6:51  SCV x2  
  85  6:54  Armory, Command Center  
  85  6:56  Armory  
  80  7:03  SCV x2  
  69  7:14  Cyclone  
  69  7:15  Cyclone, SCV  
  65  7:16  SCV  
  66  7:27  SCV  
  66  7:28  SCV, Hellion x2  
  72  7:36  Supply Depot  
  72  7:39  SCV  
  72  7:41  Barracks Tech Lab  
  72  7:42  Factory  
  73  7:46  Cyclone, Terran Vehicle Weapons Level 1, Terran Vehicle And Ship Armor Level 1  
  73  7:47  Cyclone  
  73  7:49  Hellion x2  
  83  7:54  SCV x2  
  85  8:04  Liberator  
  88  8:06  SCV  
  88  8:11  Factory  
  85  8:15  Refinery  
  85  8:18  Refinery, Cyclone  
  46  8:51  SCV  
  46  8:52  SCV x2  
  46  9:03  SCV  
  46  9:04  SCV x2  
  42  9:15  SCV  
  42  9:16  SCV  
  39  9:17  Cyclone x2  
  38  9:28  SCV x2  
  38  9:29  Factory Tech Lab  
  21  9:40  SCV x2  
  20  9:52  SCV  
  20  9:55  Cyclone x4  
  20  9:59  SCV  
  33  10:04  SCV  
  34  10:11  SCV  
  35  10:16  SCV  
  36  10:23  SCV  
  36  10:27  Cyclone  
  44  10:28  SCV  
Show
View Real Time Build Order
Export as new Build Order

Burral Zerg - Winner!

Build Orders: Pool First 

Get SALT Encoding   

  12  0:01  Drone  
  13  0:08  Drone  
  14  0:17  Overlord  
  14  0:35  Drone x3  
  17  0:46  Spawning Pool  
  17  0:49  Extractor  
  15  0:52  Drone  
  16  1:07  Drone  
  17  1:22  Hatchery  
  16  1:33  Zergling x6  
  19  1:40  Queen  
  19  1:44  Drone  
  22  1:56  Overlord  
  22  2:16  Metabolic Boost  
  22  2:31  Drone  
  22  2:32  Drone x2  
  22  2:34  Queen  
  22  2:36  Zergling x2  
  28  2:45  Drone  
  29  2:51  Drone  
  29  2:52  Drone x3  
  33  3:04  Drone  
  33  3:05  Drone  
  35  3:06  Drone  
  35  3:08  Overlord  
  36  3:13  Baneling Nest  
  36  3:17  Overlord  
  34  3:32  Drone  
  34  3:33  Drone x2  
  37  3:35  Queen  
  37  3:36  Extractor  
  37  3:38  Extractor  
  37  3:44  Drone x4  
  41  3:52  Drone  
  41  3:54  Lair  
  42  3:56  Drone  
  42  4:00  Drone  
  44  4:06  Drone  
  44  4:07  Baneling x2  
  45  4:11  Pneumatized Carapace  
  45  4:24  Drone x2  
  45  4:25  Drone x3  
  50  4:37  Hatchery, Overlord, Drone  
  50  4:38  Overlord  
  50  4:39  Drone  
  51  4:50  Zergling x2  
  52  4:55  Queen  
  54  5:03  Zergling x12  
  60  5:12  Baneling x2  
  60  5:15  Zergling x6  
  60  5:16  Zergling x2  
  64  5:21  Spire  
  61  5:39  Roach Warren  
  60  5:46  Centrifical Hooks  
  60  5:49  Zergling x4  
  63  5:50  Overlord x2, Zergling x2  
  63  5:51  Zergling x2  
  63  5:52  Zergling x2  
  63  5:55  Zergling x6  
  63  5:56  Baneling x3  
  63  5:57  Baneling x3  
  68  6:00  Drone  
  68  6:01  Drone  
  69  6:21  Roach  
  69  6:22  Roach x3  
  77  6:32  Roach x3  
  83  6:33  Roach x3  
  83  6:34  Evolution Chamber x2  
  83  6:35  Overlord x2  
  87  6:40  Overlord  
  87  6:41  Overlord x2  
  87  6:45  Roach  
  89  6:50  Glial Reconstitution  
  82  7:02  Roach x3  
  82  7:03  Roach x3  
  82  7:10  Roach x2  
  82  7:11  Roach x2  
  82  7:12  Roach  
  92  7:18  Roach x2  
  92  7:19  Roach  
  98  7:33  Ravager  
  98  7:35  Ravager  
  100  7:40  Roach  
  100  7:41  Roach x6  
  100  7:43  Drone x2  
  116  8:00  Drone x5  
  116  8:01  Overlord x2  
  116  8:05  Zerg Missile Weapons Level 1  
  121  8:19  Roach x3  
  122  8:23  Roach x3  
  114  8:42  Roach  
  114  8:43  Roach x3  
  114  8:44  Roach x2  
  114  8:45  Roach x2  
  120  8:57  Roach x2  
  120  8:58  Roach  
  117  9:14  Hydralisk Den, Zergling x8  
  118  9:29  Roach  
  118  9:30  Roach  
  122  9:34  Ravager  
  122  9:35  Ravager  
  122  9:37  Zergling x4  
  122  9:38  Zergling x2  
  121  9:43  Roach  
  121  9:44  Roach x3  
  129  9:52  Ravager x2  
  123  10:06  Extractor  
  122  10:08  Extractor  
  122  10:10  Drone x8  
  122  10:11  Extractor  
Tags
 
Add a new tag
Caveats
  • Supply blocks, unpowered buildings, or Contaminate may cause inaccurate times.
  • Supply counts are checked every 10 seconds.